3AAA
ALASKAN HUMPBACKS @ SIOUX FALLS RED PANDAS
09/13/2031
 
TOP OF THE 1ST
Alaskan Humpbacks batting - Pitching for Sioux Falls Red Pandas : RHP Godfrey Verbiest
Pitching: RHP Godfrey Verbiest
Batting: LHB Tim Stinson 0-0: Called Strike
0-1: Ball
1-1: Ball
2-1: Ball
3-1: Called Strike
3-2: Foul Ball, location: 2F
3-2: Base on Balls
Batting: LHB Craig Morgan 0-0: Ball
1-0: Ball
2-0: Called Strike
2-1: Ball
3-1: Base on Balls
Tim Stinson to second
Batting: RHB Doug Allerdale 0-0: Fly out, F7 (Line Drive, 7)
Batting: LHB Danny Trautmann 0-0: Ball
1-0: Foul Ball, location: 2F
1-1: Foul Ball, location: 2F
1-2: Fly out, F7 (Flyball, 7LSF)
Batting: RHB Edgar Baeza 0-0: Called Strike
0-1: Ball
1-1: Swinging Strike
1-2: Strikes out swinging
Top of the 1st over - 0 runs, 0 hits, 0 errors, 2 left on base; Alaskan 0 - Sioux Falls 0
BOTTOM OF THE 1ST
Sioux Falls Red Pandas batting - Pitching for Alaskan Humpbacks : RHP Jack Ward
Pitching: RHP Jack Ward
Batting: LHB Juan Alvarado 0-0: Ball
1-0: Ball
2-0: Swinging Strike
2-1: Swinging Strike
2-2: Strikes out swinging
Batting: RHB Rudko Hrnjak 0-0: Foul Ball, location: 2F
0-1: Foul Ball, location: 2F
0-2: SINGLE (Groundball, 56D)
Batting: LHB Sergio Muńóz 0-0: Ball
Rudko Hrnjak steals 2nd base
1-0: Called Strike
1-1: Swinging Strike
1-2: Foul Ball, location: 2F
1-2: Strikes out swinging
Batting: RHB Sean MacKnight 0-0: Ball
1-0: Called Strike
1-1: Called Strike
1-2: Ball
2-2: Ground out 4-3 (Groundball, 4)
Bottom of the 1st over - 0 runs, 1 hit, 0 errors, 1 left on base; Alaskan 0 - Sioux Falls 0
TOP OF THE 2ND
Alaskan Humpbacks batting - Pitching for Sioux Falls Red Pandas : RHP Godfrey Verbiest
Batting: RHB Jesús Torres 0-0: Ball
1-0: Single, Error in OF, E8, batter to second base
Batting: LHB Dallas Ihde 0-0: Ball
1-0: Ball
2-0: Called Strike
2-1: Ball
3-1: Called Strike
3-2: Fly out, F7 (Flyball, 7D)
Batting: RHB Wally Briggs 0-0: Ball
1-0: Called Strike
1-1: Foul Ball, location: 2F
1-2: Fly out, F6 (Popup, 4MD)
Batting: RHB Jean Chamissa 0-0: Swinging Strike
0-1: SINGLE (Line Drive, 34)
Jesús Torres to third
Runner from 3rd tries for Home, SAFE, throw made home
Jean Chamissa to second
Batting: LHB Tim Stinson 0-0: Swinging Strike
0-1: Ball
1-1: Ball
2-1: Ball
3-1: Foul Ball, location: 2F
3-2: Ground out 6-3 (Groundball, 6)
Top of the 2nd over - 1 run, 2 hits, 1 error, 1 left on base; Alaskan 1 - Sioux Falls 0
BOTTOM OF THE 2ND
Sioux Falls Red Pandas batting - Pitching for Alaskan Humpbacks : RHP Jack Ward
Batting: RHB Jesús Orozco 0-0: Called Strike
0-1: Ball
1-1: Foul Ball, location: 2F
1-2: Ball
2-2: Foul Ball, location: 2F
2-2: Strikes out swinging
Batting: RHB Lorenzo Díaz 0-0: Ball
1-0: DOUBLE (Line Drive, 9LS)
Batting: RHB Willis Kirkendall 0-0: Ball
1-0: Foul Ball, location: 2F
1-1: Ball
2-1: Ground out 5-3 (Groundball, 56S)
Lorenzo Díaz to third
Batting: RHB Jun Kung 0-0: Called Strike
0-1: Foul Ball, location: 2F
0-2: SINGLE (Groundball, 56D)
Lorenzo Díaz scores
Batting: RHB Chuk-yan Yang 0-0: Ball
1-0: Called Strike
1-1: Ball
2-1: Ball
3-1: Called Strike
3-2: Strikes out swinging
Bottom of the 2nd over - 1 run, 2 hits, 0 errors, 1 left on base; Alaskan 1 - Sioux Falls 1
TOP OF THE 3RD
Alaskan Humpbacks batting - Pitching for Sioux Falls Red Pandas : RHP Godfrey Verbiest
Batting: LHB Craig Morgan 0-0: Ground out 3-1 (Groundball, 34)
Batting: RHB Doug Allerdale 0-0: DOUBLE (Line Drive, 89D)
Batting: LHB Danny Trautmann 0-0: Ball
1-0: Called Strike
1-1: Fly out, F8 (Flyball, 78M)
Batting: RHB Edgar Baeza 0-0: Ball
1-0: Called Strike
1-1: Foul Ball, location: 2F
1-2: Strikes out swinging
Top of the 3rd over - 0 runs, 1 hit, 0 errors, 1 left on base; Alaskan 1 - Sioux Falls 1
BOTTOM OF THE 3RD
Sioux Falls Red Pandas batting - Pitching for Alaskan Humpbacks : RHP Jack Ward
Batting: LHB Juan Alvarado 0-0: Ball
1-0: TRIPLE (Line Drive, 7D)
Batting: RHB Rudko Hrnjak 0-0: Foul Ball, location: 2F
0-1: Called Strike
0-2: Foul Ball, location: 2F
0-2: Strikes out swinging
Batting: LHB Sergio Muńóz 0-0: Fly out, F5 (Popup, 56S)
Batting: RHB Sean MacKnight 0-0: Called Strike
0-1: Called Strike
0-2: Ball
1-2: Ground out 5-3 (Groundball, 56)
Bottom of the 3rd over - 0 runs, 1 hit, 0 errors, 1 left on base; Alaskan 1 - Sioux Falls 1
TOP OF THE 4TH
Alaskan Humpbacks batting - Pitching for Sioux Falls Red Pandas : RHP Godfrey Verbiest
Pitching: RHP Orlando Uribe
Batting: RHB Jesús Torres 0-0: Called Strike
0-1: Swinging Strike
0-2: Ball
1-2: Ground out 3-1 (Groundball, 34)
Batting: LHB Dallas Ihde 0-0: Foul Ball, location: 2F
0-1: Foul Ball, location: 2F
0-2: Ball
1-2: Strikes out swinging
Batting: RHB Wally Briggs 0-0: Ball
1-0: Foul Ball, location: 2F
1-1: Ground out 6-3 (Groundball, 6)
Top of the 4th over - 0 runs, 0 hits, 0 errors, 0 left on base; Alaskan 1 - Sioux Falls 1
BOTTOM OF THE 4TH
Sioux Falls Red Pandas batting - Pitching for Alaskan Humpbacks : RHP Jack Ward
Batting: RHB Jesús Orozco 0-0: Swinging Strike
0-1: Foul Ball, location: 2F
0-2: Ball
1-2: Ball
2-2: Ball
3-2: Base on Balls
Batting: RHB Lorenzo Díaz 0-0: Ball
1-0: DOUBLE (Line Drive, 89D)
Jesús Orozco to third
Batting: RHB Willis Kirkendall 0-0: Foul Ball, location: 2F
0-1: Foul Ball, location: 2F
0-2: Ball
1-2: Ball
2-2: Ball
3-2: Foul Ball, location: 2F
3-2: Ground out 4-3 (Groundball, 4)
Jesús Orozco scores
Lorenzo Díaz to third
Batting: RHB Jun Kung 0-0: Called Strike
0-1: Ball
1-1: Foul Ball, location: 2F
1-2: Strikes out swinging
Batting: RHB Chuk-yan Yang 0-0: Foul Ball, location: 2F
0-1: Ball
1-1: Called Strike
1-2: Strikes out swinging
Bottom of the 4th over - 1 run, 1 hit, 0 errors, 1 left on base; Alaskan 1 - Sioux Falls 2
TOP OF THE 5TH
Alaskan Humpbacks batting - Pitching for Sioux Falls Red Pandas : RHP Orlando Uribe
Batting: RHB Jean Chamissa 0-0: Ball
1-0: Called Strike
1-1: Ball
2-1: Foul Ball, location: 2F
2-2: SINGLE (Line Drive, 5)
Batting: LHB Tim Stinson 0-0: Foul Ball, location: 2F
0-1: Bunted foul
0-2: Ball
1-2: Grounds into double play, 1-6-3 (Groundball, P)
Batting: LHB Craig Morgan 0-0: Called Strike
0-1: Ball
1-1: Ball
2-1: Called Strike
2-2: Foul Ball, location: 2F
2-2: Strikes out looking
Top of the 5th over - 0 runs, 1 hit, 0 errors, 0 left on base; Alaskan 1 - Sioux Falls 2
BOTTOM OF THE 5TH
Sioux Falls Red Pandas batting - Pitching for Alaskan Humpbacks : RHP Jack Ward
Batting: LHB Juan Alvarado 0-0: Foul Ball, location: 2F
0-1: Bunt for hit - play at first, batter OUT! 1-3
Batting: RHB Rudko Hrnjak 0-0: Ball
1-0: Ground out 6-3 (Groundball, 6)
Batting: LHB Sergio Muńóz 0-0: Foul Ball, location: 2F
0-1: Swinging Strike
0-2: Strikes out swinging
Bottom of the 5th over - 0 runs, 0 hits, 0 errors, 0 left on base; Alaskan 1 - Sioux Falls 2
TOP OF THE 6TH
Alaskan Humpbacks batting - Pitching for Sioux Falls Red Pandas : RHP Orlando Uribe
Batting: RHB Doug Allerdale 0-0: SOLO HOME RUN (Flyball, 7LD), Distance : 388 ft
Batting: LHB Danny Trautmann 0-0: Ball
1-0: Fly out, F8 (Flyball, 8LS)
Batting: RHB Edgar Baeza 0-0: Ball
1-0: Ball
2-0: Foul Ball, location: 2F
2-1: Foul Ball, location: 2F
2-2: Ball
3-2: Foul Ball, location: 2F
3-2: Base on Balls
Batting: RHB Jesús Torres 0-0: Ball
1-0: Swinging Strike
1-1: Ball
2-1: Ground out 5-3 (Groundball, 5S)
Edgar Baeza to second
Batting: LHB Dallas Ihde 0-0: Called Strike
0-1: Ground out 3-1 (Groundball, 34S)
Top of the 6th over - 1 run, 1 hit, 0 errors, 1 left on base; Alaskan 2 - Sioux Falls 2
BOTTOM OF THE 6TH
Sioux Falls Red Pandas batting - Pitching for Alaskan Humpbacks : RHP Jack Ward
Batting: RHB Sean MacKnight 0-0: Called Strike
0-1: Ball
1-1: Ball
2-1: Swinging Strike
2-2: Ball
3-2: SINGLE (Groundball, 34D)
Pitching: LHP Carlos Díaz
Batting: RHB Jesús Orozco 0-0: Ball
1-0: Ball
2-0: Foul Ball, location: 2F
2-1: Foul Ball, location: 2F
2-2: Ball
3-2: Base on Balls
Sean MacKnight to second
Batting: RHB Lorenzo Díaz 0-0: Bunt missed!
0-1: Ball
1-1: Bunted foul
1-2: Foul Ball, location: 2F
1-2: Ball
2-2: Ball
3-2: Fly out, F8 (Flyball, 8RM)
Batting: RHB Willis Kirkendall 0-0: Called Strike
0-1: Called Strike
0-2: SINGLE (Flyball, 7LS)
Sean MacKnight to third
Jesús Orozco to second
Runner from 3rd tries for Home, SAFE, no throw
Batting: RHB Jun Kung 0-0: Swinging Strike
0-1: Ball
1-1: Called Strike
1-2: Ball
2-2: Fly out, F9 (Flyball, 89S)
Batting: RHB Chuk-yan Yang 0-0: Called Strike
0-1: Called Strike
0-2: Foul Ball, location: 2F
0-2: Foul Ball, location: 2F
0-2: Ball
1-2: Fly out, F8 (Flyball, 8RM)
Bottom of the 6th over - 1 run, 2 hits, 0 errors, 2 left on base; Alaskan 2 - Sioux Falls 3
TOP OF THE 7TH
Alaskan Humpbacks batting - Pitching for Sioux Falls Red Pandas : RHP Orlando Uribe
Batting: RHB Wally Briggs 0-0: Fly out, F9 (Flyball, 9LM)
Batting: RHB Jean Chamissa 0-0: SINGLE (Groundball, 56D)
Batting: LHB Tim Stinson 0-0: Foul Ball, location: 2F
0-1: Ball
1-1: Ball
2-1: Ball
3-1: Foul Ball, location: 2F
3-2: Ground out 4-3 (Groundball, 4)
Jean Chamissa to second
Batting: LHB Craig Morgan 0-0: Ball
1-0: Called Strike
1-1: Called Strike
1-2: Foul Ball, location: 2F
1-2: Strikes out swinging
Top of the 7th over - 0 runs, 1 hit, 0 errors, 1 left on base; Alaskan 2 - Sioux Falls 3
BOTTOM OF THE 7TH
Sioux Falls Red Pandas batting - Pitching for Alaskan Humpbacks : LHP Carlos Díaz
Batting: LHB Juan Alvarado 0-0: Ball
1-0: Called Strike
1-1: Ground out 1-3 (Groundball, P)
Batting: RHB Rudko Hrnjak 0-0: Called Strike
0-1: DOUBLE (Line Drive, 7LM)
Batting: LHB Sergio Muńóz 0-0: Swinging Strike
0-1: Ball
1-1: Ball
2-1: Foul Ball, location: 2F
2-2: SINGLE (Groundball, 6MD)
Rudko Hrnjak to third
Runner from 3rd tries for Home, SAFE, no throw
Batting: RHB Sean MacKnight 0-0: Ball
1-0: Called Strike
1-1: Foul Ball, location: 2F
1-2: Strikes out looking
Batting: RHB Jesús Orozco 0-0: Ball
1-0: Foul Ball, location: 2F
1-1: Foul Ball, location: 2F
1-2: Ball
Throwing error on steal attempt, E2
Sergio Muńóz to third
2-2: Foul Ball, location: 2F
2-2: Ball
3-2: Foul Ball, location: 2F
3-2: SINGLE (Line Drive, 9LS)
Sergio Muńóz scores
Batting: RHB Lorenzo Díaz 0-0: Swinging Strike
0-1: Ball
1-1: Foul Ball, location: 2F
1-2: Ball
2-2: Foul Ball, location: 2F
2-2: Strikes out looking
Bottom of the 7th over - 2 runs, 3 hits, 1 error, 1 left on base; Alaskan 2 - Sioux Falls 5
TOP OF THE 8TH
Alaskan Humpbacks batting - Pitching for Sioux Falls Red Pandas : RHP Orlando Uribe
Batting: RHB Doug Allerdale 0-0: Ball
1-0: Ball
2-0: Ball
3-0: Called Strike
3-1: Called Strike
3-2: Strikes out swinging, 2-3 out at first.
Batting: LHB Danny Trautmann 0-0: Ball
1-0: Ground out 4-3 (Groundball, 4)
Batting: RHB Edgar Baeza 0-0: Called Strike
0-1: Ball
1-1: Ball
2-1: Ball
3-1: Base on Balls
Pitching: RHP Valentín Montenegro
Batting: RHB Jesús Torres 0-0: Ball
1-0: SINGLE (Groundball, 34D)
Edgar Baeza to second
Runner from 2nd tries for 3rd, SAFE, throw made to third
Batting: LHB Dallas Ihde 0-0: Ball
1-0: Foul Ball, location: 2F
1-1: DOUBLE (Line Drive, 89M)
Edgar Baeza scores
Jesús Torres to third
Runner from 3rd tries for Home, SAFE, no throw
Pinch Hitting: LHB Mario Cruz 0-0: Ball
1-0: Foul Ball, location: 2F
1-1: Foul Ball, location: 2F
1-2: Strikes out swinging
Top of the 8th over - 2 runs, 2 hits, 0 errors, 1 left on base; Alaskan 4 - Sioux Falls 5
BOTTOM OF THE 8TH
Sioux Falls Red Pandas batting - Pitching for Alaskan Humpbacks : LHP Carlos Díaz
Now in RF: Ijsbrand Erkelens
Batting: RHB Willis Kirkendall 0-0: Ball
1-0: Ball
2-0: Called Strike
2-1: Foul Ball, location: 2F
2-2: Ground out 5-3 (Groundball, 56S)
Batting: RHB Jun Kung 0-0: Ball
1-0: Ball
2-0: Ball
3-0: Called Strike
3-1: SINGLE (Line Drive, 78M)
Pinch Hitting: RHB Ju-chan Pak 0-0: Called Strike
0-1: Swinging Strike
0-2: Strikes out swinging
Pinch Hitting: LHB Magali Lenidas 0-0: Foul Ball, location: 2F
0-1: Swinging Strike
0-2: Ball
1-2: Strikes out looking
Bottom of the 8th over - 0 runs, 1 hit, 0 errors, 1 left on base; Alaskan 4 - Sioux Falls 5
TOP OF THE 9TH
Alaskan Humpbacks batting - Pitching for Sioux Falls Red Pandas : RHP Valentín Montenegro
Now at C: Jason Alexander
Now at 2B: Pancho Salaedo
Now at 3B: Magali Lenidas
Now in CF: Greg Robinson
Pinch Hitting: RHB Roberto Hernández 0-0: Called Strike
0-1: Fly out, F4 (Popup, 4S)
Batting: LHB Tim Stinson 0-0: Ball
1-0: SOLO HOME RUN (Line Drive, 9D), Distance : 391 ft
Batting: LHB Craig Morgan 0-0: Called Strike
0-1: Ball
1-1: Ball
2-1: Swinging Strike
2-2: Strikes out swinging
Batting: RHB Doug Allerdale 0-0: Ball
1-0: Ball
2-0: Called Strike
2-1: Ball
3-1: Swinging Strike
3-2: Foul Ball, location: 2F
3-2: Base on Balls
Pinch Runner at 1st Scott Dourque:
Batting: LHB Danny Trautmann 0-0: Ball
1-0: Called Strike
1-1: Ball
2-1: SINGLE (Flyball, 7LS)
Scott Dourque to second
Batting: RHB Edgar Baeza 0-0: Called Strike
0-1: Called Strike
0-2: Ball
1-2: Foul Ball, location: 2F
1-2: Foul Ball, location: 2F
1-2: SINGLE (Line Drive, 78S)
Scott Dourque to third
Danny Trautmann to second
Runner from 3rd tries for Home, SAFE, no throw
Pitching: LHP António Silva
Batting: RHB Jesús Torres 0-0: Ball
1-0: Fielders Choice at 2nd, 5-4 (Groundball, 56)
Top of the 9th over - 2 runs, 3 hits, 0 errors, 2 left on base; Alaskan 6 - Sioux Falls 5
BOTTOM OF THE 9TH
Sioux Falls Red Pandas batting - Pitching for Alaskan Humpbacks : LHP Carlos Díaz
Now in LF: Scott Dourque
Batting: RHB Rudko Hrnjak 0-0: Ball
Now at 1B: Roberto Hernández 1-0: Foul Ball, location: 2F
1-1: Ball
2-1: Ball
3-1: Base on Balls
Pitching: RHP Mario Ruíz
Batting: LHB Sergio Muńóz 0-0: Ball
1-0: SINGLE (Line Drive, 9D)
Rudko Hrnjak to second
Batting: SHB Jason Alexander 0-0: Called Strike
0-1: Ball
1-1: Swinging Strike
1-2: Ball
2-2: Strikes out swinging
Batting: RHB Jesús Orozco 0-0: Called Strike
0-1: Foul Ball, location: 2F
0-2: Foul Ball, location: 2F
0-2: Ball
1-2: Foul Ball, location: 2F
1-2: Ball
2-2: Foul Ball, location: 2F
2-2: Ball
3-2: SINGLE (Flyball, 9S)
Rudko Hrnjak to third
Sergio Muńóz to second
Runner from 3rd tries for Home, SAFE, throw made home
Batting: RHB Lorenzo Díaz 0-0: Ball
1-0: Ball
2-0: Ground out 4-3 (Groundball, 4MS)
Sergio Muńóz to third
Jesús Orozco to second
Batting: RHB Pancho Salaedo 0-0: Ball
1-0: Ball
2-0: Ground out 6-3 (Groundball, 6)
Bottom of the 9th over - 1 run, 2 hits, 0 errors, 2 left on base; Alaskan 6 - Sioux Falls 6
TOP OF THE 10TH
Alaskan Humpbacks batting - Pitching for Sioux Falls Red Pandas : LHP António Silva
Pinch Hitting: RHB Erik Sterk 0-0: Ball
1-0: Called Strike
1-1: SINGLE (Line Drive, 7LS)
Pinch Runner at 1st Ramón Valdéz:
Batting: LHB Ijsbrand Erkelens 0-0: Ball
1-0: Bunt missed!
1-1: Bunted foul
1-2: Foul Ball, location: 2F
1-2: Fly out, F2 (Popup, 2R)
Batting: RHB Roberto Hernández 0-0: Called Strike
0-1: Ball
1-1: Called Strike
1-2: Fly out, F9 (Flyball, 9LM)
Batting: LHB Tim Stinson 0-0: Ball
1-0: Ball
2-0: Called Strike
2-1: Foul Ball, location: 2F
2-2: DOUBLE (Flyball, 78D)
Ramón Valdéz to third
Runner from 3rd tries for Home, SAFE, no throw
Batting: LHB Craig Morgan 0-0: Foul Ball, location: 2F
0-1: Foul Ball, location: 2F
0-2: Ball
1-2: Ball
2-2: Ground out U3 (Groundball, 34)
Top of the 10th over - 1 run, 2 hits, 0 errors, 1 left on base; Alaskan 7 - Sioux Falls 6
BOTTOM OF THE 10TH
Sioux Falls Red Pandas batting - Pitching for Alaskan Humpbacks : RHP Mario Ruíz
Now in LF: Ramón Valdéz
Batting: RHB Jun Kung 0-0: Swinging Strike
0-1: Ball
1-1: Swinging Strike
1-2: Ball
2-2: Ball
3-2: Ground out 4-3 (Groundball, 4)
Pinch Hitting: LHB Herman Hayes 0-0: Swinging Strike
0-1: Ball
1-1: Ball
2-1: Ball
3-1: Foul Ball, location: 2F
3-2: Foul Ball, location: 2F
3-2: Base on Balls
Batting: LHB Magali Lenidas 0-0: Ball
1-0: Ball
2-0: Called Strike
2-1: Ball
3-1: Swinging Strike
3-2: Base on Balls
Herman Hayes to second
Pinch Hitting: LHB Eric Ward 0-0: Swinging Strike
0-1: Ball
1-1: Foul Ball, location: 2F
1-2: Ball
2-2: Foul Ball, location: 2F
2-2: 3-RUN HOME RUN (Flyball, 9LD), Distance : 366 ft
Tuesday, June 12th, 2018 - OOTP Baseball 18.8 Build 76